 Dungeon Sprint DCSS version 0.17-a0-1262-gd250d98 (webtiles) character file.

182 Kidiri the Gusty (level 5, -4/38 HPs)
             Began as a Draconian Air Elementalist on June 6, 2015.
             Was a Follower of Sif Muna.
             Slain by a four-headed hydra (14 damage)
             ... in the Dungeon (Sprint IX: "|||||||||||||||||||||||||||||").
             The game lasted 00:03:10 (482 turns).

Kidiri the Gusty (Draconian Air Elementalist)        Turns: 482, Time: 00:03:11

Health: -4/38      AC:  6    Str: 13    XL:     5   Next: 35%
Magic:  9/12       EV: 15    Int: 16    God:    Sif Muna [*.....]
Gold:   0          SH:  0    Dex: 12    Spells: 5 memorised, 1 level left

rFire  . . .     SeeInvis .     n - staff of energy
rCold  . . .     Clarity  .     (armour unavailable)
rNeg   . . .     SustAt   .     (no shield)
rPois  .         Gourm    .     (helmet restricted)
rElec  .         Spirit   .     (no cloak)
rCorr  .         Warding  .     o - +0 pair of gloves
rMut   .         NoTele   +     (no boots)
MR     .....                    (no amulet)
Stlth  ++........               q - +3 ring of strength
                                p - +2 ring of evasion

@: very slightly contaminated, not resistant to hostile enchantments, unstealthy
A: unfitting armour, cold-blooded, AC +5
a: Channel Energy, Renounce Religion


You were in the Dungeon.
You worshipped Sif Muna.
Sif Muna was aware of your devotion.
You were not hungry.

You visited 1 branch

Inventory:

Hand weapons
 j - the +4 quarterstaff of Hospitality {venom, rC+}
   (You found it in the Dungeon)

   It poisons the flesh of those it strikes.
   It protects you from cold.
Armour
 o - a +0 pair of gloves (worn)
Magical staves
 n - an uncursed staff of energy (weapon)
Jewellery
 p - a +2 ring of evasion (left hand)
 q - a +3 ring of strength (right hand)
Magical devices
 m - a wand of fire (7)
Scrolls
 h - 2 scrolls of blinking
 k - 3 scrolls of remove curse
 l - 2 scrolls of amnesia
Potions
 c - 5 potions of curing
 d - 3 potions of heal wounds
 e - a potion of haste
 f - 4 potions of magic
 g - a potion of berserk rage
 i - a potion of invisibility
Books
 a - a book of Air

   Spells                             Type                      Level
   a - Shock                          Conjuration/Air              1
   b - Swiftness                      Charms/Air                   2
   c - Repel Missiles                 Charms/Air                   2
   d - Static Discharge               Conjuration/Air              3
   e - Lightning Bolt                 Conjuration/Air              5
Comestibles
 b - a bread ration
 r - 2 chunks of flesh


   Skills:
 + Level 1.9 Staves
 + Level 3.6 Dodging
 + Level 3.9 Stealth
 * Level 5.1 Spellcasting
 * Level 5.1 Conjurations
 * Level 6.0 Air Magic
 + Level 2.0 Invocations
 + Level 1.8 Evocations


You had one spell level left.
You knew the following spells:

 Your Spells              Type           Power        Failure   Level  Hunger
a - Shock                 Conj/Air       ###.         1%          1    None
b - Repel Missiles        Chrm/Air       ##....       10%         2    None
c - Swiftness             Chrm/Air       ##......     10%         2    None
d - Static Discharge      Conj/Air       ###.....     6%          3    None
e - Lightning Bolt        Conj/Air       ###.......   50%         5    None


Dungeon Overview and Level Annotations

Branches:
Dungeon (1/1)

Altars:
Cheibriados
Dithmenos
Elyvilon
Fedhas
Gozag
Kikubaaqudgha
Makhleb
Nemelex Xobeh
Okawaru
Qazlal
Ru
Sif Muna
Trog
Vehumet
Xom
Yredelemnul
Zin
The Shining One
Beogh
Jiyva
Lugonu


Innate Abilities, Weirdness & Mutations

Your plain brown scales are hard (AC +5).
Your body does not fit into most forms of armour.
You are cold-blooded and may be slowed by cold attacks.


Message History

Confirm with . or Enter, or press ? or * to list all spells.
Aiming: Shock
Press: ? - help, Shift-Dir - straight line, f - four-headed hydra
Aim: a four-headed hydra The zap hits the four-headed hydra.
The four-headed hydra is lightly wounded.
The zap misses the white ugly thing.
The zap hits the phantom.
The phantom is lightly damaged.
The zap hits the cyclops.
The cyclops is lightly wounded.
The zap hits the centaur warrior.
The centaur warrior is lightly wounded.
The zap misses the worker ant.
The four-headed hydra bites you! The four-headed hydra bites you.
The four-headed hydra bites you but does no damage.
The four-headed hydra bites you! The four-headed hydra bites you!
* * * LOW HITPOINT WARNING * * *
The four-headed hydra bites you!
You die...

▓.▓
▓a▓
▓c▓
▓C▓
▓.▓
▓W▓
▓u▓
▓D▓
▓@▓
▓.▓
▓.▓
▓)▓
▓(▓
▓'▓
▓.▓
▓.▓
▓[▓


You could see a four-headed hydra, a white ugly thing, a centaur warrior, a
cyclops, a phantom and a worker ant.

Vanquished Creatures
  A killer bee (D)
  A jelly (D)
  2 hounds (D)
  An orc wizard (D)
  An adder (D)
  A giant gecko (D)
  A bat skeleton (D)
  2 hobgoblins (D)
  A jackal (D)
  2 giant newts (D)
  A goblin (D)
  A kobold (D)
  A rat (D)
16 creatures vanquished.

Notes
Turn   | Place    | Note
--------------------------------------------------------------
     0 | D        | Kidiri the Draconian Air Elementalist began the quest for the Orb.
     0 | D        | Reached XP level 1. HP: 14/14 MP: 3/3
    53 | D        | Noticed a jelly
    53 | D        | Noticed a hound
    59 | D        | Killed a jelly
    59 | D        | Reached skill level 4 in Air Magic
    59 | D        | Reached XP level 2. HP: 18/20 MP: 0/6
    59 | D        | Reached XP level 3. HP: 23/26 MP: 0/7
    64 | D        | Killed a hound
    77 | D        | Reached skill level 5 in Air Magic
    77 | D        | Reached XP level 4. HP: 8/33 MP: 0/10
    81 | D        | Learned a level 2 spell: Repel Missiles
    84 | D        | Learned a level 2 spell: Swiftness
    88 | D        | Learned a level 3 spell: Static Discharge
   315 | D        | Found a glowing silver altar of Zin.
   315 | D        | Found a glowing golden altar of the Shining One.
   315 | D        | Found an ancient bone altar of Kikubaaqudgha.
   315 | D        | Found a basalt altar of Yredelemnul.
   315 | D        | Found a shimmering altar of Xom.
   315 | D        | Found a radiant altar of Vehumet.
   316 | D        | Found an iron altar of Okawaru.
   317 | D        | Found a burning altar of Makhleb.
   318 | D        | Found a deep blue altar of Sif Muna.
   319 | D        | Found a bloodstained altar of Trog.
   320 | D        | Found a sparkling altar of Nemelex Xobeh.
   321 | D        | Found a white marble altar of Elyvilon.
   322 | D        | Found a roughly hewn altar of Beogh.
   323 | D        | Found a viscous altar of Jiyva.
   324 | D        | Found a corrupted altar of Lugonu.
   325 | D        | Found a blossoming altar of Fedhas.
   326 | D        | Became a worshipper of Sif Muna the Loreminder
   327 | D        | Found a snail-covered altar of Cheibriados.
   328 | D        | Found a shadowy altar of Dithmenos.
   329 | D        | Found a stormy altar of Qazlal.
   330 | D        | Found an opulent altar of Gozag.
   331 | D        | Found a sacrificial altar of Ru.
   351 | D        | Got the +4 quarterstaff of Hospitality {venom, rC+}
   367 | D        | Noticed an orc wizard
   367 | D        | Noticed a killer bee
   367 | D        | Noticed a hound
   375 | D        | Killed a killer bee
   375 | D        | Reached skill level 1 in Staves
   375 | D        | Reached skill level 1 in Invocations
   375 | D        | Reached skill level 1 in Evocations
   377 | D        | Killed a hound
   377 | D        | Reached XP level 5. HP: 26/38 MP: 2/12
   377 | D        | Killed an orc wizard
   377 | D        | Acquired Sif Muna's first power
   377 | D        | Reached skill level 5 in Spellcasting
   377 | D        | Reached skill level 5 in Conjurations
   377 | D        | Reached skill level 6 in Air Magic
   389 | D        | Learned a level 5 spell: Lightning Bolt
   477 | D        | Noticed a worker ant
   477 | D        | Noticed a centaur warrior
   477 | D        | Noticed a cyclops
   477 | D        | Noticed a phantom
   477 | D        | Noticed a white ugly thing
   477 | D        | Noticed a four-headed hydra
   482 | D        | Slain by a four-headed hydra

Vault maps used:
D:        linesprint

Action                   |  1- 3 |  4- 6 || total
-------------------------+-------+-------++-------
Melee: Unarmed           |     4 |       ||     4
       Club              |     6 |       ||     6
       Staff             |       |     1 ||     1
 Cast: Shock             |     7 |    10 ||    17
 Stab: Sleeping          |     1 |     1 ||     2
